 Dungeon Crawl Stone Soup version 0.23.2-33-g5129a83184 (console) character file.

Game seed: 17059225979511155873

587 FlyingSalmon the Spear-Bearer (level 7, -3/52 HPs)
             Began as a Merfolk Gladiator on July 23, 2019.
             Was an Initiate of Okawaru.
             Slain by an orc warrior
             ... wielding a +0 dire flail
              (9 damage)
             ... on level 6 of the Dungeon.
             The game lasted 00:12:32 (3773 turns).

FlyingSalmon the Spear-Bearer (Merfolk Gladiator)   Turns: 3773, Time: 00:12:33

Health: -3/52      AC: 11    Str: 17    XL:     7   Next: 38%
Magic:  0/7        EV: 13    Int:  7    God:    Okawaru [......]
Gold:   275        SH:  0    Dex: 15    Spells: 6/6 levels left

rFire    + . .     SeeInvis .   a - +1 trident
rCold    . . .     Gourm    .   (no shield)
rNeg     . . .     Faith    .   o - +1 ring mail
rPois    .         Spirit   +   c - +2 helmet
rElec    .         Reflect  .   w - +1 cloak
rCorr    .         Harm     .   (no gloves)
MR       .....                  (no boots)
Stlth    +.........             g - amulet of guardian spirit
HPRegen  0.17/turn              h - ring of protection from fire
MPRegen  0.10/turn              l - +2 ring of slaying

@: no status effects
A: change form in water, swift swim, stealthy swim
a: Renounce Religion


You were on level 6 of the Dungeon.
You worshipped Okawaru.
Okawaru was noncommittal.
You were hungry.

You visited 1 branch of the dungeon, and saw 8 of its levels.

You collected 275 gold pieces.

Inventory:

Hand Weapons
 a - a +1 trident (weapon)
 e - a +0 club
Missiles
 d - 2 throwing nets
 k - 169 stones (quivered)
Armour
 b - a +0 leather armour
 c - a +2 helmet (worn)
 o - a +1 ring mail (worn)
 w - a +1 cloak (worn)
Jewellery
 g - an amulet of guardian spirit (around neck)
 h - a ring of protection from fire (left hand)
 l - a +2 ring of slaying (right hand)
 p - an uncursed ring of protection from magic
Wands
 m - a wand of polymorph (2)
Scrolls
 t - a scroll of amnesia
 u - a scroll of remove curse
Potions
 i - a potion of berserk rage {unknown}
 j - a potion of brilliance {unknown}
 n - 4 potions of curing
 q - 2 potions of flight
 r - a potion of heal wounds {unknown}
Comestibles
 f - 5 rations
 s - 2 chunks of flesh


   Skills:
 + Level 3.6 Fighting
 * Level 9.5 Polearms
 - Level 2.2 Throwing
 + Level 2.0 Armour
 + Level 5.0 Dodging


You had 6 spell levels left.
You didn't know any spells.
Your spell library contained the following spells:

 Spells                   Type           Power        Failure   Level  Hunger
 Magic Dart               Conj           #...         63%         1    ##.....
 Blink                    Tloc           N/A          77%         2    ###....
 Call Imp                 Summ           #.......     77%         2    ###....
 Slow                     Hex            #.......     77%         2    ###....
 Conjure Flame            Conj/Fire      #.......     94%         3    ####...
 Mephitic Cloud           Conj/Pois/Air  #.......     94%         3    ####...


Dungeon Overview and Level Annotations

Branches:
Dungeon (8/15)
 Temple: D:4-7         Lair: D:8-11

Altars:
Okawaru
Sif Muna
Uskayaw

Annotations:
D:4 2 runed translucent doors, Jaiteiro's ghost, amateur GnWr
D:5 Prince Ribbit


Message History

You barely miss the orc warrior.
The orc warrior is heavily wounded.
The orc warrior hits you but does no damage.
You hit the orc warrior.
The orc warrior is heavily wounded.
The orc warrior hits you with a +0 dire flail!
You are too injured to fight recklessly!
You hit the orc warrior.
The orc warrior is heavily wounded.
You hit the orc warrior but do no damage.
The orc warrior is heavily wounded.
The orc warrior closely misses you.
As you read the scroll labeled DAB NIYQOGY, it crumbles to dust.
The scroll dissolves into smoke.
It was a scroll of fog.
The orc warrior hits you with a +0 dire flail!
* * * LOW HITPOINT WARNING * * *
You hit the orc warrior.
The orc warrior is severely wounded.
The orc warrior hits you with a +0 dire flail!
You die...

.####.##.##...#...####
.....h....#..........
....#.#(c...........
....c..##.h...#...#
.......###....#...#
.......# #...##..#####
.....### #..((Z.......
##### #####.(#########
..%.((o.(§o@§§#
######..#####§# ##.#
#.# #.# #.# #.#####.#
#>....#.# #####.#.#
#.#.# #.#.#


You could see an orc warrior.

Vanquished Creatures
  A phantom (D:4)
  A centaur (D:6)
  An ogre (D:4)
  A bullfrog (D:6)
  A howler monkey (D:6)
  A bullfrog skeleton (D:6)
  An orc priest (D:6)
  Crazy Yiuf (D:4)
  2 worker ants (D:4)
  A killer bee zombie (D:3)
  3 adders
  4 worms
  A dart slug (D:1)
  A leopard gecko (D:6)
  3 orcs (D:6)
  7 bats
  2 giant cockroaches (D:1)
  3 goblins (D:1)
  3 hobgoblins
  2 jackals (D:6)
  5 kobolds
  A quokka (D:3)
  2 frilled lizards (D:3)
  5 rats
  A fungus (D:4)
54 creatures vanquished.

Notes
Turn   | Place    | Note
-------+----------+-------------------------------------------
     0 | D:1      | FlyingSalmon the Merfolk Gladiator began the quest for the
                  | Orb.
     0 | D:1      | Reached XP level 1. HP: 16/16 MP: 1/1
   112 | D:1      | Reached XP level 2. HP: 23/23 MP: 2/2
   948 | D:2      | Reached skill level 5 in Polearms
   948 | D:2      | Reached XP level 3. HP: 28/28 MP: 3/3
  1913 | D:3      | Reached XP level 4. HP: 34/34 MP: 4/4
  1989 | D:3      | Found a hide-covered altar of Uskayaw.
  2149 | D:3      | Found a deep blue altar of Sif Muna.
  2177 | D:3      | Reached skill level 6 in Polearms
  2341 | D:4      | Noticed a phantom
  2376 | D:4      | Killed a phantom
  2376 | D:4      | Reached skill level 7 in Polearms
  2376 | D:4      | Reached skill level 1 in Armour
  2376 | D:4      | Reached XP level 5. HP: 21/41 MP: 5/5
  2389 | D:4      | Noticed an ogre
  2408 | D:4      | HP: 2/41 [ogre/+0 giant club (6)]
  2409 | D:4      | Killed an ogre
  2409 | D:4      | Reached XP level 6. HP: 2/47 MP: 6/6
  2817 | D:4      | Reached skill level 8 in Polearms
  3281 | D:4      | Found a large runed translucent door.
  3281 | D:4      | Found a large runed translucent door.
  3283 | D:4      | Noticed Jaiteiro's ghost (amateur GnWr)
  3388 | D:4      | Found a runed translucent door.
  3389 | D:4      | Noticed Crazy Yiuf
  3396 | D:4      | Killed Crazy Yiuf
  3449 | D:5      | Entered Level 5 of the Dungeon
  3449 | D:5      | Noticed Prince Ribbit
  3471 | D:5      | You fall through a shaft for 3 floors!
  3698 | D:6      | Reached XP level 7. HP: 52/52 MP: 7/7
  3712 | D:6      | Found an iron altar of Okawaru.
  3723 | D:6      | Became a worshipper of Warmaster Okawaru
  3746 | D:6      | Reached skill level 9 in Polearms
  3746 | D:6      | Reached skill level 5 in Dodging
  3773 | D:6      | Slain by an orc warrior

Skill      XL: |  1  2  3  4  5  6  7 |
---------------+----------------------+-----
Polearms       | 5 7 8 9 |  9.5
Fighting       | 3 |  3.6
Armour         | 1 2 |  2.0
Dodging        | 5 |  5.0
Throwing       | |  2.2

Action                   |  1- 3 |  4- 6 |  7- 9 || total
-------------------------+-------+-------+-------++-------
Melee: Trident           |    79 |   103 |    31 ||   213
Throw: Throwing net      |     2 |       |       ||     2
       Stone             |    57 |    36 |     7 ||   100
  Use: Scroll            |     6 |     4 |     1 ||    11
 Stab: Sleeping          |     1 |       |       ||     1
  Eat: Chunk             |     2 |     3 |       ||     5
       Ration            |       |     1 |       ||     1
Armor: Leather armour    |     5 |       |       ||     5
       Ring mail         |     7 |    18 |    14 ||    39
Dodge: Dodged            |    32 |    38 |    24 ||    94
